3AA
RICHLAND RAILS @ LANCASTER FARMERS
06/03/2054
 
TOP OF THE 1ST
Richland Rails batting - Pitching for Lancaster Farmers : RHP Daniel Snyder
Pitching: RHP Daniel Snyder
Batting: RHB Scott Miller 0-0: Ball
1-0: Fly out, F7 (Flyball, 7, EV 93.1 MPH)
Batting: SHB Willie Davidson 0-0: Ball
1-0: Called Strike
1-1: Ball
2-1: Foul Ball, location: 2F
2-2: Foul Ball, location: 2F
2-2: Ground out 4-3 (Groundball, 4, EV 85.6 MPH)
Batting: RHB Colm Reyes 0-0: Ground out 6-3 (Groundball, 6, EV 84.4 MPH)
Top of the 1st over - 0 runs, 0 hits, 0 errors, 0 left on base; Richland 0 - Lancaster 0
BOTTOM OF THE 1ST
Lancaster Farmers batting - Pitching for Richland Rails : RHP James Ellison
Pitching: RHP James Ellison
Batting: RHB Cal Weber 0-0: Swinging Strike
0-1: Foul Ball, location: 2F
0-2: Foul Ball, location: 2F
0-2: Strikes out looking
Batting: LHB Tommy Olsen 0-0: Foul Ball, location: 2F
0-1: SINGLE (Groundball, 34D, EV 110.0 MPH)
Batting: RHB Paul Smith 0-0: SINGLE (Flyball, 34D, EV 94.4 MPH)
Tommy Olsen to second
Batting: LHB Dave Enrick 0-0: DOUBLE (Line Drive, 7LS, EV 106.2 MPH)
Tommy Olsen scores
Paul Smith to third
Batting: LHB Arlen Russell 0-0: Ball
1-0: Ball
2-0: Ball
3-0: Foul Ball, location: 2F
3-1: Foul Ball, location: 2F
3-2: SINGLE (Line Drive, 78S, EV 104.4 MPH)
Paul Smith scores
Dave Enrick to third
Runner from 3rd tries for Home, SAFE, throw by LF to home
Batting: RHB Sammy Holman 0-0: Ball
1-0: Called Strike
1-1: Ball
2-1: Called Strike
2-2: DOUBLE (Flyball, 89XD, EV 106.9 MPH)
Arlen Russell to third
Batting: RHB Aad Nederhof 0-0: Ball
1-0: Ball
2-0: DOUBLE (Line Drive, 7LS, EV 98.8 MPH)
Arlen Russell scores
Sammy Holman scores
Batting: RHB John O'Kerrigan 0-0: Ball
1-0: Swinging Strike
1-1: Ball
2-1: Swinging Strike
2-2: Ball
3-2: Strikes out looking
Batting: LHB César Medina 0-0: Ball
1-0: Swinging Strike
1-1: Fly out, F8 (Flyball, 8LD, EV 93.8 MPH)
Bottom of the 1st over - 5 runs, 6 hits, 0 errors, 1 left on base; Richland 0 - Lancaster 5
TOP OF THE 2ND
Richland Rails batting - Pitching for Lancaster Farmers : RHP Daniel Snyder
Batting: RHB Oliver Maisanaba 0-0: Called Strike
0-1: Ball
1-1: Ground out 4-3 (Groundball, 4, EV 88.8 MPH)
Batting: RHB Jerrel van Katwijk 0-0: Ground out 5-3 (Groundball, 5L, EV 85.6 MPH)
Batting: RHB Blake Gordon 0-0: Ball
1-0: Foul Ball, location: 2F
1-1: Swinging Strike
1-2: Ball
2-2: Ball
3-2: Foul Ball, location: 2F
3-2: Base on Balls
Batting: LHB Zachary Glover 0-0: Called Strike
0-1: Called Strike
Blake Gordon steals 2nd base
0-2: Foul Ball, location: 2F
0-2: Ball
1-2: Strikes out looking
Top of the 2nd over - 0 runs, 0 hits, 0 errors, 1 left on base; Richland 0 - Lancaster 5
BOTTOM OF THE 2ND
Lancaster Farmers batting - Pitching for Richland Rails : RHP James Ellison
Batting: RHB Cal Weber 0-0: Ball
1-0: Ball
2-0: Ground out 6-3 (Groundball, 6, EV 111.2 MPH)
Batting: LHB Tommy Olsen 0-0: Ball
1-0: Ball
2-0: Fly out, F7 (Line Drive, 78M, EV 85.6 MPH)
Batting: RHB Paul Smith 0-0: Foul Ball, location: 2F
0-1: Swinging Strike
0-2: Ball
1-2: Strikes out swinging
Bottom of the 2nd over - 0 runs, 0 hits, 0 errors, 0 left on base; Richland 0 - Lancaster 5
TOP OF THE 3RD
Richland Rails batting - Pitching for Lancaster Farmers : RHP Daniel Snyder
Batting: RHB Bao-tian Yang 0-0: Ball
1-0: Ball
2-0: Fly out, F8 (Flyball, 8LM, EV 97.5 MPH)
Batting: RHB Ken Woods 0-0: Ball
1-0: Swinging Strike
1-1: Ball
2-1: Ball
3-1: Ground out 3-1 (Groundball, 34, EV 104.4 MPH)
Batting: RHB Scott Miller 0-0: Called Strike
0-1: Ball
1-1: Foul Ball, location: 2F
1-2: Ball
2-2: Ball
3-2: Ground out U3 (Groundball, 34, EV 83.1 MPH)
Top of the 3rd over - 0 runs, 0 hits, 0 errors, 0 left on base; Richland 0 - Lancaster 5
BOTTOM OF THE 3RD
Lancaster Farmers batting - Pitching for Richland Rails : RHP James Ellison
Batting: LHB Dave Enrick 0-0: Called Strike
0-1: Ball
1-1: Ground out U3 (Groundball, 3, EV 76.2 MPH)
Batting: LHB Arlen Russell 0-0: Foul Ball, location: 2F
0-1: Ball
1-1: Ball
2-1: Fly out, F8 (Flyball, 8LD, EV 86.2 MPH)
Batting: RHB Sammy Holman 0-0: Fly out, F9 (Flyball, 89M, EV 81.2 MPH)
Bottom of the 3rd over - 0 runs, 0 hits, 0 errors, 0 left on base; Richland 0 - Lancaster 5
TOP OF THE 4TH
Richland Rails batting - Pitching for Lancaster Farmers : RHP Daniel Snyder
Batting: SHB Willie Davidson 0-0: Called Strike
0-1: Ball
1-1: Ball
2-1: Foul Ball, location: 2F
2-2: Fly out, F7 (Flyball, 7, EV 88.8 MPH)
Batting: RHB Colm Reyes 0-0: Called Strike
0-1: Swinging Strike
0-2: Ball
1-2: Foul Ball, location: 2F
1-2: Foul Ball, location: 2F
1-2: Ball
2-2: Strikes out looking
Batting: RHB Oliver Maisanaba 0-0: Called Strike
0-1: Ball
1-1: Ground out 4-3 (Groundball, 4M, EV 106.2 MPH)
Top of the 4th over - 0 runs, 0 hits, 0 errors, 0 left on base; Richland 0 - Lancaster 5
BOTTOM OF THE 4TH
Lancaster Farmers batting - Pitching for Richland Rails : RHP James Ellison
Batting: RHB Aad Nederhof 0-0: Called Strike
0-1: Called Strike
0-2: Ball
1-2: Hit by Pitch
Batting: RHB John O'Kerrigan 0-0: Swinging Strike
0-1: Foul Ball, location: 2F
0-2: Ball
1-2: Foul Ball, location: 2F
1-2: Ball
2-2: Foul Ball, location: 2F
2-2: Strikes out swinging
Batting: LHB César Medina 0-0: Foul Ball, location: 2F
0-1: Ball
1-1: Fielders Choice at 2nd, 1-4 (Groundball, 15S, EV 68.8 MPH)
Batting: RHB Cal Weber 0-0: Ball
1-0: Foul Ball, location: 2F
1-1: Ground out 4-3 (Groundball, 4, EV 86.2 MPH)
Bottom of the 4th over - 0 runs, 0 hits, 0 errors, 1 left on base; Richland 0 - Lancaster 5
TOP OF THE 5TH
Richland Rails batting - Pitching for Lancaster Farmers : RHP Daniel Snyder
Batting: RHB Jerrel van Katwijk 0-0: Fly out, F8 (Flyball, 8RM, EV 76.9 MPH)
Batting: RHB Blake Gordon 0-0: Foul Ball, location: 2F
0-1: Called Strike
0-2: DOUBLE (Line Drive, 78D, EV 112.5 MPH)
Batting: LHB Zachary Glover 0-0: Swinging Strike
0-1: Ground out 6-3 (Groundball, 6S, EV 88.1 MPH)
Blake Gordon to third
Batting: RHB Bao-tian Yang 0-0: Called Strike
0-1: Ball
1-1: Foul Ball, location: 2F
1-2: Ball
2-2: Foul Ball, location: 2F
2-2: DOUBLE (Line Drive, 9LM, EV 107.5 MPH)
Blake Gordon scores
Batting: RHB Ken Woods 0-0: Called Strike
0-1: Foul Ball, location: 2F
0-2: Strikes out swinging, 2-3 out at first.
Top of the 5th over - 1 run, 2 hits, 0 errors, 1 left on base; Richland 1 - Lancaster 5
BOTTOM OF THE 5TH
Lancaster Farmers batting - Pitching for Richland Rails : RHP James Ellison
Batting: LHB Tommy Olsen 0-0: SINGLE (Line Drive, 7S, EV 105.6 MPH)
Pitching: LHP John Barnard
Batting: RHB Paul Smith 0-0: Called Strike
0-1: Ball
1-1: Ball
2-1: Grounds into double play, 6-4-3 (Groundball, 6, EV 87.5 MPH)
Batting: LHB Dave Enrick 0-0: Ball
1-0: Called Strike
1-1: Ball
2-1: DOUBLE (Line Drive, 7LM, EV 108.1 MPH)
Batting: LHB Arlen Russell 0-0: Called Strike
0-1: Ground out 4-3 (Groundball, 4S, EV 84.4 MPH)
Bottom of the 5th over - 0 runs, 2 hits, 0 errors, 1 left on base; Richland 1 - Lancaster 5
TOP OF THE 6TH
Richland Rails batting - Pitching for Lancaster Farmers : RHP Daniel Snyder
Batting: RHB Scott Miller 0-0: Called Strike
0-1: Ball
1-1: Ground out 6-3 (Groundball, 6, EV 83.8 MPH)
Batting: SHB Willie Davidson 0-0: Swinging Strike
0-1: Foul Ball, location: 2F
0-2: Ball
1-2: Ground out 5-3 (Groundball, 56, EV 85.6 MPH)
Batting: RHB Colm Reyes 0-0: Called Strike
0-1: Ball
1-1: Ground out 6-3 (Groundball, 6S, EV 91.2 MPH)
Top of the 6th over - 0 runs, 0 hits, 0 errors, 0 left on base; Richland 1 - Lancaster 5
BOTTOM OF THE 6TH
Lancaster Farmers batting - Pitching for Richland Rails : LHP John Barnard
Batting: RHB Sammy Holman 0-0: Ball
1-0: Ball
2-0: Called Strike
2-1: Foul Ball, location: 2F
2-2: Ball
3-2: SOLO HOME RUN (Flyball, 7D, EV 100.6 MPH), Distance : 392 ft
Batting: RHB Aad Nederhof 0-0: Swinging Strike
0-1: Foul Ball, location: 2F
0-2: Ball
1-2: Fly out, F7 (Line Drive, 7, EV 91.9 MPH)
Batting: RHB John O'Kerrigan 0-0: Called Strike
0-1: Called Strike
0-2: Strikes out swinging
Batting: LHB César Medina 0-0: Foul Ball, location: 2F
0-1: SINGLE (Groundball, 34D, EV 103.1 MPH)
Batting: RHB Cal Weber 0-0: Ball
1-0: Ball
2-0: Foul Ball, location: 2F
2-1: Ball
3-1: Foul Ball, location: 2F
3-2: Strikes out swinging
Bottom of the 6th over - 1 run, 2 hits, 0 errors, 1 left on base; Richland 1 - Lancaster 6
TOP OF THE 7TH
Richland Rails batting - Pitching for Lancaster Farmers : RHP Daniel Snyder
Batting: RHB Oliver Maisanaba 0-0: Ball
1-0: Called Strike
1-1: Foul Ball, location: 2F
1-2: Foul Ball, location: 2F
1-2: Ground out 4-3 (Groundball, 4MD, EV 102.5 MPH)
Batting: RHB Jerrel van Katwijk 0-0: Ball
1-0: Called Strike
1-1: Ball
2-1: Called Strike
2-2: Ball
3-2: Base on Balls
Batting: RHB Blake Gordon 0-0: Fly out, F7 (Flyball, 7D, EV 100.6 MPH)
Batting: LHB Zachary Glover 0-0: Ball
1-0: Called Strike
1-1: Foul Ball, location: 2F
1-2: Ground out 4-3 (Groundball, 4, EV 101.2 MPH)
Top of the 7th over - 0 runs, 0 hits, 0 errors, 1 left on base; Richland 1 - Lancaster 6
BOTTOM OF THE 7TH
Lancaster Farmers batting - Pitching for Richland Rails : LHP John Barnard
Batting: LHB Tommy Olsen 0-0: Foul Ball, location: 2F
0-1: Fly out, F6 (Popup, 6M, EV 65.0 MPH)
Batting: RHB Paul Smith 0-0: Ball
1-0: Called Strike
1-1: Ball
2-1: Ball
3-1: SINGLE (Line Drive, 7S, EV 91.2 MPH)
Batting: LHB Dave Enrick 0-0: Ball
1-0: Fly out, F6 (Popup, 15S, EV 86.2 MPH)
Batting: LHB Arlen Russell 0-0: Ball
1-0: Fly out, F7 (Flyball, 7, EV 88.8 MPH)
Bottom of the 7th over - 0 runs, 1 hit, 0 errors, 1 left on base; Richland 1 - Lancaster 6
TOP OF THE 8TH
Richland Rails batting - Pitching for Lancaster Farmers : RHP Daniel Snyder
Pitching: LHP Jeff MacNiven
Batting: RHB Bao-tian Yang 0-0: Ball
1-0: Ball
2-0: Called Strike
2-1: Called Strike
2-2: Ball
3-2: Strikes out looking
Batting: RHB Ken Woods 0-0: Foul Ball, location: 2F
0-1: Ball
1-1: Ball
2-1: Ball
3-1: Base on Balls
Batting: RHB Scott Miller 0-0: Grounds into double play, 4-6-3 (Groundball, 4, EV 90.0 MPH)
Top of the 8th over - 0 runs, 0 hits, 0 errors, 0 left on base; Richland 1 - Lancaster 6
BOTTOM OF THE 8TH
Lancaster Farmers batting - Pitching for Richland Rails : LHP John Barnard
Batting: RHB Sammy Holman 0-0: Foul Ball, location: 2F
0-1: Ball
1-1: Foul Ball, location: 2F
1-2: Strikes out looking
Batting: RHB Aad Nederhof 0-0: Called Strike
0-1: Ground out 4-3 (Groundball, 4M, EV 105.0 MPH)
Batting: RHB John O'Kerrigan 0-0: Ball
1-0: Swinging Strike
1-1: Swinging Strike
1-2: Strikes out swinging
Bottom of the 8th over - 0 runs, 0 hits, 0 errors, 0 left on base; Richland 1 - Lancaster 6
TOP OF THE 9TH
Richland Rails batting - Pitching for Lancaster Farmers : LHP Jeff MacNiven
Batting: SHB Willie Davidson 0-0: Ball
1-0: Fly out, F9 (Flyball, 9D, EV 103.8 MPH)
Batting: RHB Colm Reyes 0-0: Ball
1-0: Ball
2-0: Ball
3-0: Base on Balls
Batting: RHB Oliver Maisanaba 0-0: Ball
1-0: Swinging Strike
1-1: Ball
2-1: Grounds into double play, 4-6-3 (Groundball, 4, EV 102.5 MPH)
Top of the 9th over - 0 runs, 0 hits, 0 errors, 0 left on base; Richland 1 - Lancaster 6
Monday, April 1st , 2024 - OOTP Baseball 23.10 Build 110